 Dungeon Crawl Stone Soup version 0.30-a0-715-gdb4ae3ece1 (webtiles) character file.

Game seed: 4364390132218148332

2606 hikkokomori the Trooper (level 9, 0/50 HPs)
             Began as a Vine Stalker Fighter on Jan 25, 2023.
             Was an Initiate of Okawaru.
             Slain by a killer bee (3 damage)
             ... on level 7 of the Dungeon.
             The game lasted 00:10:48 (5513 turns).

hikkokomori the Trooper (Vine Stalker Fighter)      Turns: 5513, Time: 00:10:49

Health: 0/50       AC:  8    Str: 19    XL:     9   Next: 59%
Magic:  0/19       EV: 14    Int:  6    God:    Okawaru [......]
Gold:   435        SH:  6    Dex: 16    Spells: 21/21 levels left

rFire   + + .      SeeInvis .    a - +1 flail
rCold   . . .      Faith    .    c - +1 buckler
rNeg    . . .      Spirit   +    b - +0 scale mail
rPois   .          Reflect  .    (no helmet)
rElec   .          Harm     .    (no cloak)
rCorr   .          Rampage  .    (no gloves)
Will    +....                    q - +1 pair of boots "Isukky" {rF++ Int-4} Stlth
                                 (no amulet)
HPRegen 1.08/turn                v - +5 ring of evasion
MPRegen 0.16/turn                (no ring)

@: about to teleport
A: fangs 3, regeneration 1, magic shield, antimagic bite, no potion heal 2
a: Renounce Religion


You were on level 7 of the Dungeon.
You worshipped Okawaru.
Okawaru was noncommittal.
You visited 2 branches of the dungeon, and saw 8 of its levels.
You also visited: Sewer.

You collected 435 gold pieces.

Inventory:

Hand Weapons
 a - a +1 flail (weapon)
 f - a +0 hand axe
 w - a +1 dagger of venom
Missiles
 B - a throwing net (quivered)
Armour
 b - a +0 scale mail (worn)
 c - a +1 buckler (worn)
 q - the +1 pair of boots "Isukky" (worn) {rF++ Int-4}
   (You found it on level 3 of the Dungeon)

   Int:       It affects your intelligence (-4).
   rF:        It greatly protects you from fire.
Jewellery
 v - a +5 ring of evasion (left hand)
Scrolls
 p - a scroll of fear {unknown}
 r - 2 scrolls of fog {unknown}
 t - 3 scrolls of vulnerability
 u - a scroll of acquirement {unknown}
 x - 2 scrolls of teleportation
 y - a scroll of torment {unknown}
 z - 2 scrolls of blinking {unknown}
 A - a scroll of brand weapon {unknown}
 C - a scroll of identify
Potions
 d - 4 potions of might
 e - 3 potions of curing
 g - 3 potions of brilliance {unknown}
 h - 2 potions of mutation {unknown}
 i - 4 potions of heal wounds {unknown}
 j - a potion of cancellation {unknown}
 k - a potion of haste
 l - a potion of lignification {unknown}
 m - a potion of berserk rage {unknown}
 n - 5 potions of flight
 o - 2 potions of degeneration
 s - a potion of resistance {unknown}


   Skills:
 + Level 7.3 Fighting
 + Level 3.8 Short Blades
 - Level 4.5 Maces & Flails
 - Level 2.4 Armour
 - Level 5.0 Shields
 + Level 6.5 Spellcasting


You had 21 spell levels left.
You didn't know any spells.
Your spell library contained the following spells:

 Spells                   Type           Power      Damage    Failure   Level
 Kiss of Death            Conj/Necr      4%         2d5       71%         1
 Blink                    Tloc           2%         N/A       83%         2
 Ensorcelled Hibernation  Hex/Ice        2%         N/A       83%         2
 Lesser Beckoning         Tloc           2%         N/A       83%         2
 Momentum Strike          Conj/Tloc      2%         3d8       83%         2
 Passwall                 Tmut/Erth      0%         N/A       83%         2
 Confusing Touch          Hex            1%         N/A       97%         3
 Swiftness                Air            1%         N/A       97%         3
 Dispel Undead            Necr           1%         3d6       100%        4
 Yara's Violent Unravell  Hex/Tmut       0%         3d3       100%        5
 Enfeeble                 Hex            0%         N/A       100%        7


Dungeon Overview and Level Annotations

Branches:
Dungeon (7/15)             Temple (1/1) D:7           Sewer (visited)

Altars:
Cheibriados
Dithmenos
Elyvilon
Fedhas
Gozag
Hepliaklqana
Makhleb
Nemelex Xobeh
Okawaru
Ru
Trog
Uskayaw
Vehumet
Wu Jian
Xom
Yredelemnul
Zin
The Shining One

Shops:
D:4 :


Innate Abilities, Weirdness & Mutations

You have razor-sharp teeth.
Your natural rate of healing is unusually fast.
When hurt, damage is shared between your health and your magic reserves.
Your bite disrupts and absorbs the magic of your enemies.
Potions cannot restore your health.


Message History

You are too injured to fight recklessly!
You are too injured to fight recklessly!
You are too injured to fight recklessly!
You are too injured to fight recklessly!
You are too injured to fight recklessly!
You are too injured to fight recklessly!
You are too injured to fight recklessly!
You are too injured to fight recklessly!
You are too injured to fight recklessly!
You are too injured to fight recklessly!
You are too injured to fight recklessly!
You are too injured to fight recklessly!
Okay, then.
Your system rejects the healing.
You feel better.
The killer bee stings you but does no damage.
You block the killer bee's attack. The killer bee misses you.
The killer bee stings you.
* * * LOW HITPOINT WARNING * * *
You are poisoned.
The killer bee poisons you! The killer bee misses you.
The killer bee barely misses you. The killer bee stings you.
* * * LOW HITPOINT WARNING * * *
You block the killer bee's attack.
As you read the scroll of teleportation, it crumbles to dust.
You feel strangely unstable.
You feel sick. The killer bee stings you!
* * * LOW HITPOINT WARNING * * *
You are lethally poisoned!
The killer bee poisons you! The killer bee misses you. x2
The killer bee barely misses you. You block the killer bee's attack.
The killer bee stings you but does no damage.
You block the killer bee's attack.
The killer bee stings you but does no damage.
Your system rejects the healing.
You feel better. The killer bee closely misses you.
You block the killer bee's attack. The killer bee stings you.
* * * LOW HITPOINT WARNING * * *
The killer bee stings you.
* * * LOW HITPOINT WARNING * * *
The killer bee closely misses you. The killer bee stings you.
You die...

#.. ..# #.. ...# ###
#..####...# ##.#
#...##...# #..###
#...#....# #.#..##
#....(..# ##....##
#.yyy...######
##....####.y@.........#
#......#..............
#.###...........###
#...............#
######........#.....#
##....#........##.....#
#.[....#.......###....#
#.>..#.#.......# ##...#
#)...#.#.......# ##...#


You could see 4 killer bees.

Vanquished Creatures
  The ghost of Nabski the Firebug, an amateur TeFE (D:6)
  A water moccasin (D:4)
  2 orc warriors (D:6)
  3 black bears (D:7)
  An ice beast (D:5)
  2 centaurs
  Blork the orc (D:5)
  4 necrophages
  4 scorpions
  A water moccasin zombie (D:6)
  A killer bee (D:7)
  A centaur zombie (D:6)
  3 orc priests
  6 hounds
  4 iguanas
  Jessica (D:2)
  Natasha (twice) (D:2)
  3 orc wizards
  14 adders
  11 gnolls
  4 river rats (Sewer)
  A shadow imp (D:6)
  A white imp (D:6)
  4 worms
  5 dart slugs
  19 orcs
  11 ball pythons
  7 bats
  5 endoplasms
  8 giant cockroaches
  8 hobgoblins
  3 jackals (Sewer)
  4 kobolds
  5 quokkas
  8 frilled lizards
  4 goblins
  7 rats
170 creatures vanquished.

Notes
Turn   | Place    | Note
-------+----------+-------------------------------------------
     0 | D:1      | hikkokomori the Vine Stalker Fighter began the quest for
                  | the Orb.
     0 | D:1      | Reached XP level 1. HP: 11/11 MP: 2/2
   120 | D:1      | Reached XP level 2. HP: 16/16 MP: 3/3
   198 | D:1      | Reached skill level 3 in Fighting
   298 | D:1      | Reached XP level 3. HP: 7/20 MP: 1/4
   716 | D:2      | You fall into a shaft and drop 1 floor!
   837 | D:3      | Identified the +1 robe of Lethargy {rC+ SInv}
   859 | D:3      | Gained mutation: Your natural rate of healing is unusually
                  | fast. [Vine Stalker growth]
   859 | D:3      | Reached XP level 4. HP: 11/24 MP: 2/5
  1084 | D:2      | Noticed Jessica
  1088 | D:2      | Killed Jessica
  1089 | D:2      | Reached XP level 5. HP: 28/28 MP: 6/6
  1229 | D:2      | Found a faded altar of an unknown god.
  1266 | D:2      | Noticed Natasha
  1275 | D:2      | Killed Natasha
  1541 | D:2      | Noticed Natasha
  1549 | D:2      | Killed Natasha
  1737 | D:3      | Reached skill level 4 in Fighting
  1737 | D:3      | Reached XP level 6. HP: 24/33 MP: 2/7
  1792 | D:3      | Identified the +1 pair of boots "Isukky" {rF++ Int-4}
  1981 | D:3      | Reached skill level 1 in Spellcasting
  2171 | D:4      | Found Abiat Nui's Book Emporium.
  2761 | D:5      | Entered Level 5 of the Dungeon
  2764 | D:5      | Noticed Blork the orc
  2766 | D:5      | Noticed a water moccasin
  2806 | D:4      | Killed a water moccasin
  2807 | D:4      | Reached XP level 7. HP: 9/38 MP: 9/11
  2847 | D:5      | Killed Blork the orc
  2984 | D:5      | Reached skill level 5 in Fighting
  2984 | D:5      | Reached skill level 5 in Shields
  3111 | D:5      | Gained mutation: You have razor-sharp teeth. [Vine Stalker
                  | growth]
  3111 | D:5      | Reached XP level 8. HP: 43/43 MP: 9/13
  3239 | D:5      | Found a white marble altar of Elyvilon.
  3713 | D:6      | Found a glowing drain.
  3741 | Sewer    | Entered a sewer
  4355 | D:6      | Reached skill level 6 in Fighting
  4465 | D:6      | Reached skill level 1 in Short Blades
  4465 | D:6      | Reached skill level 5 in Spellcasting
  4659 | D:6      | Reached XP level 9. HP: 33/49 MP: 12/18
  4742 | D:6      | Found a runed translucent gate.
  4742 | D:6      | Found a runed translucent gate.
  4742 | D:6      | Found a runed translucent gate.
  4742 | D:6      | Noticed Nabski's ghost (amateur TeFE)
  4744 | D:6      | Found a basalt altar of Yredelemnul.
  4766 | D:6      | Killed Nabski's ghost
  5144 | D:7      | Reached skill level 7 in Fighting
  5221 | D:7      | Found a staircase to the Ecumenical Temple.
  5315 | Temple   | Entered the Ecumenical Temple
  5321 | Temple   | Became a worshipper of Warmaster Okawaru
  5513 | D:7      | Slain by a killer bee

Illustrated notes

Levels and vault maps discovered:
D:1:      scummos_arrival_gate, layout_rooms
D:2:      layout_basic, shapermc_ecumenical_altar_mp_ritualfount, uniq_jessica,
          uniq_natasha
D:3:      layout_loops_cross, chequers_mini_garden, hangedman_decor_growths,
          guppyfry_early_lair_pool
D:4:      layout_gridville, serial_shops, shop, grunt_decor_junction
D:5:      layout_cave_pods, elyvilon_altar_5, uniq_blork_the_orc
D:6:      layout_rooms, nicolae_yredelemnul_ghost_church, portal_sewer_entry_d,
          grunt_ministairs_11, minmay_misc_feat_alley, minmay_misc_feat_iff,
          supply_closet_lemuel
D:7:      layout_layer_cave, minmay_temple_entry_offerings
Temple:   eino_temple_rhombus

Skill      XL: |  1  2  3  4  5  6  7  8  9 |
---------------+----------------------------+-----
Maces & Flails | 2 3 4 |  4.5
Shields        | 3 4 5 |  5.0
Fighting       | 3 4 5 6 7 |  7.3
Spellcasting   | 2 3 5 6 |  6.5
Short Blades   | 2 3 |  3.8
Armour         | |  2.4

Action                     |  1- 3 |  4- 6 |  7- 9 || total
---------------------------+-------+-------+-------++-------
  Melee: Flail             |    91 |   158 |   345 ||   594
         Bite              |    18 |    35 |   112 ||   165
    Use: Scroll            |       |     6 |     3 ||     9
         Potion            |       |     2 |     3 ||     5
 Armour: Scale mail        |    65 |    46 |   135 ||   246
  Dodge: Dodged            |    67 |    74 |   293 ||   434
  Block: Buckler           |    29 |    29 |   152 ||   210

Table legend: (Time is in decaauts)
 A = Elapsed time spent in this place.
 B = Non-inter-level travel time spent in this place.
 C = Inter-level travel time spent in this place.
 D = Time resting spent in this place.
 E = Time spent auto-exploring this place.
 F = Levels seen in this place.
 G = Mean time per level.
                   A        B        C        D        E       F      G
               +--------+--------+--------+--------+--------+-----+--------+
         Total |   5835 |   5547 |    288 |     93 |   3913 |   9 |  648.3 |
       Dungeon |   4912 |   4640 |    272 |     36 |   3444 |   7 |  701.7 |
        Temple |    155 |    140 |     15 |      0 |    123 |   1 |  155.0 |
         Sewer |    767 |    767 |      0 |     57 |    345 |   1 |  767.0 |
               +--------+--------+--------+--------+--------+-----+--------+

Top non-repeatable levels by time:
     D:5: 892 daAuts
     D:3: 839 daAuts
     D:6: 781 daAuts
   Sewer: 767 daAuts
     D:2: 752 daAuts
     D:1: 695 daAuts
     D:4: 618 daAuts
     D:7: 331 daAuts
  Temple: 155 daAuts
